 Dungeon Crawl Stone Soup version 0.30-a0-840-ga523dec638 (webtiles) character file.

Game seed: 17848120583840787600

190428 jasper the Scholar (level 17, 0/133 HPs)
             Began as a Demonspawn Cinder Acolyte on Mar 1, 2023.
             Was an Elder of Sif Muna.
             Hit by a silver javelin thrown by a merfolk javelineer (3 damage)
             ... on level 4 of the Shoals.
             The game lasted 01:17:05 (50955 turns).

jasper the Scholar (Demonspawn Cinder Acolyte)     Turns: 50955, Time: 01:17:06

Health: 0/133      AC: 19    Str: 15    XL:     17   Next: 98%
Magic:  31/31      EV: 14    Int: 23    God:    Sif Muna [****..]
Gold:   495        SH: 15    Dex: 12    Spells: 14/36 levels left

rFire   . . .      SeeInvis +    N - staff of earth
rCold   + + +      Faith    .    f - +0 kite shield
rNeg    . . .      Spirit   .    A - +4 skin of Zhor {*Englaciate rC+++ SInv}
rPois   .          Reflect  .    U - +2 hat
rElec   .          Harm     .    E - +0 cloak
rCorr   .          Rampage  .    w - +1 pair of gloves {Dex+3}
Will    +....                    (boots unavailable)
Stlth   ++                       a - amulet of magic regeneration
HPRegen 0.42/turn                y - ring of wizardry
MPRegen 0.62/turn                u - ring of wizardry

@: lethally poisoned (0 -> -2), very slow
A: hooves 3, icemail 2, condensation shield, demonic magic 2
a: Renounce Religion, Channel Magic, Forget Spell, Divine Exegesis


You were on level 4 of the Shoals.
You worshipped Sif Muna.
Sif Muna was greatly pleased with you.
You visited 5 branches of the dungeon, and saw 27 of its levels.

You collected 2115 gold pieces.
You spent 1620 gold pieces at shops.

Inventory:

Missiles
 e - 177 stones
 l - 7 throwing nets
 m - 78 poisoned darts
 n - 30 boomerangs
 q - 4 javelins
Armour
 f - a +0 kite shield (worn)
 h - a scarf of repulsion
 w - a +1 pair of gloves of dexterity (worn)
 A - the +4 skin of Zhor (worn) {*Englaciate rC+++ SInv}
   (You found it on level 2 of the Lair of Beasts)

   *Englaciate: It radiates cold, occasionally slowing all nearby creatures who
   are not resistant to cold.
   rC:        It renders you almost immune to cold.
   SInv:      It lets you see invisible.
 E - a +0 cloak (worn)
 U - a +2 hat (worn)
 Y - a +0 pair of boots
Magical Staves
 N - a staff of earth (weapon)
 P - a staff of conjuration
Jewellery
 a - an amulet of magic regeneration (around neck)
 r - a ring of protection from cold
 u - a ring of wizardry (right hand)
 y - a ring of wizardry (left hand)
 G - a +5 ring of evasion
 M - a ring of ice
 T - a +4 ring of protection
 W - the ring "Wuhitoh" {Fly rN+ Stlth+}
   (You found it on level 4 of the Lair of Beasts)

   [ring of flight]

   rN:        It protects you from negative energy.
   Fly:       It grants you flight.
   Stlth:     It makes you more stealthy.
 Z - a ring of magical power
Wands
 v - a wand of paralysis (22)
 x - a wand of roots (19)
 I - a wand of digging (11)
 J - a wand of flame (25)
 K - a wand of polymorph (4)
Scrolls
 c - 3 scrolls of enchant armour
 d - 3 scrolls of vulnerability
 k - 2 scrolls of amnesia
 t - 2 scrolls of magic mapping
 C - 6 scrolls of teleportation
 H - a scroll of summoning
 L - 2 scrolls of poison
 Q - 3 scrolls of noise
 S - 4 scrolls of fog
 X - a scroll of enchant weapon
Potions
 b - 2 potions of cancellation
 g - 9 potions of attraction
 i - 3 potions of might
 j - 9 potions of curing
 o - 10 potions of degeneration
 p - 6 potions of resistance
 s - 5 potions of lignification
 z - a potion of invisibility
 B - 6 potions of brilliance
 D - 2 potions of magic
 F - 3 potions of haste
 O - 2 potions of mutation
 R - 5 potions of flight
 V - 2 potions of berserk rage


   Skills:
 - Level 12.0 Fighting
 - Level 2.6(8.0) Polearms
 - Level 11.8(12.0) Staves
 - Level 8.0 Dodging
 - Level 7.8 Stealth
 + Level 11.6 Shields
 - Level 10.0 Spellcasting
 - Level 11.1 Conjurations
 - Level 6.5 Fire Magic
 - Level 8.7 Earth Magic
 - Level 4.0 Poison Magic
 - Level 12.0 Invocations


You had 14 spell levels left.
You knew the following spells:

 Your Spells              Type           Power      Damage    Failure   Level
a - Scorch                Fire           82%        2d9       1%          2
b - Stone Arrow           Conj/Erth      100%       3d13      1%          3
c - Olgreb's Toxic Radia  Pois           30%        N/A       6%          4
d - Iron Shot             Conj/Erth      36%        9d7       9%          6
e - Orb of Destruction    Conj           29%        9d9       26%         7

Your spell library contained the following spells:

 Spells                   Type           Power      Damage    Failure   Level
 Sting                    Tmut/Pois      80%        1d7       1%          1
 Static Discharge         Conj/Air       74%        2-6/arc   1%          2
 Hailstorm                Conj/Ice       37%        3d9       1%          3
 Mephitic Cloud           Conj/Pois/Air  34%        N/A       1%          3
 Cigotuvi's Dreadful Rot  Necr/Pois/Air  34%        N/A       2%          2
 Poisonous Vapours        Pois/Air       40%        N/A       2%          2
 Inner Flame              Hex/Fire       26%        N/A       2%          3
 Lee's Rapid Deconstruct  Erth           33%        3d17*     2%          5
 Necrotise                Necr           44%        1d6       3%          1
 Iskenderun's Mystic Bla  Conj/Tloc      37%        2d9       3%          4
 Ensorcelled Hibernation  Hex/Ice        22%        N/A       4%          2
 Sublimation of Blood     Necr           11%        N/A       4%          2
 Spider Form              Tmut/Pois      20%        N/A       4%          3
 Animate Armour           Summ/Erth      94%        N/A       5%          4
 Leda's Liquefaction      Hex/Erth       23%        N/A       5%          4
 Petrify                  Tmut/Erth      47%        N/A       5%          4
 Arcjolt                  Conj/Air       18%        1d28      9%          5
 Irradiate                Conj/Tmut      18%        3d17      9%          5
 Lightning Bolt           Conj/Air       18%        1d33      9%          5
 Ozocubu's Armour         Ice            11%        N/A       10%         3
 Summon Guardian Golem    Hex/Summ       11%        N/A       10%         3
 Vampiric Draining        Necr           11%        2d6       10%         3
 Vhi's Electric Charge    Tloc/Air       22%        N/A       10%         3
 Airstrike                Air            5%         2d(1-17)  28%         4
 Anguish                  Hex/Necr       5%         N/A       28%         4
 Animate Dead             Necr           11%        N/A       28%         4
 Ice Form                 Ice/Tmut       11%        N/A       28%         4
 Summon Lightning Spire   Summ/Air       11%        N/A       28%         4
 Statue Form              Tmut/Erth      31%        N/A       56%         6
 Agony                    Necr           11%        N/A       58%         5
 Blade Hands              Tmut           5%         N/A       58%         5
 Summon Forest            Summ/Tloc      5%         N/A       58%         5
 Summon Mana Viper        Hex/Summ       11%        N/A       58%         5
 Eringya's Noxious Bog    Tmut/Pois      10%        N/A       86%         6
 Lehudib's Crystal Spear  Conj/Erth      36%        10d9      95%         8
 Simulacrum               Ice/Necr       5%         N/A       98%         6
 Summon Cactus Giant      Summ           5%         N/A       98%         6
 Haunt                    Necr/Summ      5%         N/A       100%        7
 Summon Hydra             Summ           5%         N/A       100%        7
 Infestation              Necr           5%         N/A       100%        8
 Chain Lightning          Conj/Air       18%        3d24      100%        9
 Fire Storm               Conj/Fire      25%        8d7       100%        9
 Shatter                  Erth           33%        3d27*     100%        9


Dungeon Overview and Level Annotations

Branches:
Dungeon (15/15)            Temple (1/1) D:6            Lair (5/5) D:9
 Shoals (4/4) Lair:2        Snake (0/4) Lair:3        Slime (0/5) Lair:4
    Orc (2/2) D:9             Elf (0/3) Orc:2        Vaults (0/5) D:14
 Depths (0/4) D:15

Altars:
Ashenzari
Cheibriados
Dithmenos
Fedhas
Gozag
Hepliaklqana
Makhleb
Nemelex Xobeh
Okawaru
Ru
Sif Muna
Trog
Uskayaw
Vehumet
Wu Jian
Xom
Yredelemnul

Shops:
Orc:1 =   Orc:2 (:*(   Shoals:1 ?   Shoals:3 ([*

Annotations:
D:6 1 runed translucent door, acky's ghost, novice GnDe
D:8 3 transporters
D:10 2 transporters, domi's ghost, journeyman VSBr
D:12 3 runed translucent doors, dolemite99's ghost, adept DjAE
Lair:1 1 runed translucent door, Vohupaw's ghost, journeyman DrAE
Shoals:1 3 runed translucent doors, Fonana's ghost, journeyman DgHu; Luosi's ghost, journeyman NaVM; Riqapacs's ghost, adept OpMo; relicbr's ghost, adept SpDe
Shoals:3 Bai Suzhen


Innate Abilities, Weirdness & Mutations

You have hooves in place of feet.
A meltable icy envelope protects you from harm. (AC +8)
A meltable shield of frost defends you. (SH +4)
Spells you cast may paralyse nearby enemies.


Message History

The merfolk javelineer seems to slow down.
You are no longer entranced.
You feel very sick.
The merfolk aquamancer is no longer paralysed.
The merfolk aquamancer casts a spell.
The merfolk aquamancer blinks!
You block the water elemental's attack.
You take 6 damage, and have 36/133 hp.
MP restored: 31 You feel very sick.
You take 3 damage, and have 33/133 hp.
Casting: Stone Arrow (safe; 1% risk of failure)
Confirm with . or Enter, or press ? or * to list all spells.
You begin to radiate toxic energy.
The merfolk aquamancer looks as sick as possible!
Malevolent energies surge around you.
The alligator snapping turtle suddenly stops moving!
You feel less invigorated.
The merfolk aquamancer looks as sick as possible!
The merfolk javelineer looks as sick as possible!
You feel sick.
The merfolk aquamancer is no longer moving slowly.
You take 2 damage, and have 31/133 hp.
The alligator snapping turtle looks as sick as possible!
Your toxic aura wanes.
You feel sick.
The merfolk aquamancer casts a spell at you.
The shard of ice hits you!! You partially resist.
* * * LOW HITPOINT WARNING * * *
You take 19 damage, and have 12/133 hp.
You feel sick.
The merfolk aquamancer casts a spell at you.
The torrent of water misses you.
The wave splashes down.
Splash!
You fall into the shallow water.
Moving in this stuff is going to be slow.
The merfolk javelineer throws a silver javelin.
The silver javelin pierces through you!
* * * LOW HITPOINT WARNING * * *
The silver sears you!
You die...

~~....~..## ~..~...~~..~..##
# ~.......~......# #
#####....#.........)###
##...##.....~.....###)..
#.....#.~~~.~≈~...# #...
#..m..#~~≈≈≈≈≈~..## #... ~
#.mm..#~~~≈≈≈≈~..####... ~..
#mt.##@~~≈##≈≈≈........
~~...##E##...~≈≈≈≈≈≈......~.
~~~...).t~~.~~~≈≈≈~~~~.....~
~~~~~~~~m~~~~~~~~≈~.~~~~~~.~
≈~~~~~~~~~~~~~~~~~~~....~~~~
≈≈~~~~~m~~~~~~~~≈~~~~~..~~~≈
≈≈≈~~~~~~~~~~~~≈≈≈≈~~~~~~≈≈≈
≈≈≈≈≈~~≈≈≈≈≈≈≈≈≈≈≈≈≈~~~~~≈≈≈
≈≈≈≈≈≈≈≈≈≈≈≈≈≈≈≈≈≈≈≈≈≈≈≈≈≈≈≈


You could see an alligator snapping turtle (paralysed, extremely poisoned), a
merfolk javelineer (extremely poisoned) and a merfolk aquamancer (extremely
poisoned).

Vanquished Creatures
  Gastronok (Lair:2)
  Roxanne (Shoals:1)
  An azure jelly (shapeshifter) (D:14)
  A very ugly thing (D:15)
  Nessos (Lair:3)
  2 merfolk javelineers (Shoals:4)
  2 fire dragons
  A yaktaur captain (D:13)
  9 merfolk impalers
  Fannar (D:11)
  A rakshasa (D:15)
  3 hydras
  2 catoblepae
  Erolcha (D:9)
  6 centaur warriors
  A merfolk avatar (Shoals:3)
  A death knight (D:13)
  8 merfolk aquamancers
  An ogre mage (D:13)
  2 satyrs
  4 two-headed ogres
  2 boulder beetles
  2 tengu warriors (D:14)
  8 skysharks
  Sonja (Lair:3)
  A fire crab (Lair:5)
  A death drake (shapeshifter) (D:12)
  12 sea snakes
  A glowing orange brain (D:15)
  7 orc knights
  2 phantasmal warriors (D:13)
  Pikel (D:4)
  3 deep elf pyromancers
  14 harpies
  An orc sorcerer (Orc:2)
  6 manticores
  25 ugly things
  10 cyclopes
  A shining eye (shapeshifter) (D:15)
  8 fauns
  14 elephants
  7 merfolk sirens
  3 molten gargoyles (Lair:5)
  5 water nymphs
  7 black mambas
  3 orange demons (D:15)
  Joseph (D:8)
  A torpor snail (Lair:2)
  8 cane toads
  2 gargoyles (D:12)
  2 unseen horrors (D:12)
  10 rime drakes
  2 efreet
  14 komodo dragons
  5 yaktaurs
  A kobold demonologist (D:8)
  4 red devils (D:15)
  3 freezing wraiths
  2 polar bears
  7 trolls
  4 wind drakes
  33 merfolk
  A meliai (D:13)
  2 hornets
  12 blink frogs
  A blink frog (shapeshifter) (D:13)
  9 snapping turtles
  7 dream sheep
  A centaur simulacrum (D:10)
  2 shadows
  19 slime creatures
  19 wyverns
  11 water elementals
  A vampire (D:12)
  3 wraiths
  41 yaks
  12 fire elementals
  14 basilisks
  2 vampire mosquitoes (D:12)
  4 steam dragons
  3 nagas (Lair:3)
  An acid dragon (D:12)
  7 wargs
  14 water moccasins
  6 hell hounds
  A sky beast (D:7)
  An ice beast (D:5)
  A black bear (D:9)
  9 ogres
  36 orc warriors
  21 wolves
  6 boggarts
  16 centaurs
  5 phantoms
  2 lemures (D:4)
  2 gnoll sergeants
  7 kobold brigands
  3 necrophages
  10 bullfrogs
  4 scorpions
  9 wights
  22 killer bees
  7 electric eels
  6 howler monkeys
  5 lava snakes (Lair:5)
  A gnoll bouda (D:5)
  3 jellies
  7 hounds
  15 orc priests
  4 iguanas
  Ijyb (D:4)
  Natasha (thrice) (D:4)
  17 orc wizards
  7 hell rats
  A hound skeleton (D:8)
  20 gnolls
  4 adders
  9 river rats (Lair:1)
  3 ufetubi
  3 worms
  3 dart slugs
  82 orcs
  2 bats (D:1)
  19 endoplasms
  6 giant cockroaches
  11 goblins
  5 hobgoblins
  3 jackals (D:1)
  20 kobolds
  3 quokkas
  7 ball pythons
  5 frilled lizards
  5 rats
928 creatures vanquished.

Vanquished Creatures (others)
  An ugly thing (D:13)
  16 foxfires (D:6)
  69 fungi
  127 plants
  4 tentacles (Shoals:4)
217 creatures vanquished.

Grand Total: 1145 creatures vanquished

Notes
Turn   | Place    | Note
-------+----------+-------------------------------------------
     0 | D:1      | jasper the Demonspawn Cinder Acolyte began the quest for
                  | the Orb.
     0 | D:1      | Reached XP level 1. HP: 18/18 MP: 2/2
   226 | D:1      | Gained mutation: A meltable shield of frost defends you.
                  | (SH +4) [demonic ancestry]
   226 | D:1      | Reached XP level 2. HP: 22/24 MP: 3/3
   229 | D:1      | Learned a level 2 spell: Scorch
   647 | D:1      | Reached XP level 3. HP: 29/30 MP: 1/4
  1499 | D:2      | Reached XP level 4. HP: 37/37 MP: 0/6
  2662 | D:3      | Reached skill level 1 in Staves
  3065 | D:3      | Gained mutation: A meltable icy envelope protects you from
                  | harm. (AC +8) [demonic ancestry]
  3065 | D:3      | Reached XP level 5. HP: 42/42 MP: 1/8
  4118 | D:4      | Found a snail-covered altar of Cheibriados.
  4239 | D:4      | Noticed a phantom
  4242 | D:4      | Killed a phantom
  4243 | D:4      | Reached XP level 6. HP: 49/49 MP: 2/9
  4318 | D:4      | Noticed a water moccasin
  4330 | D:4      | Killed a water moccasin
  4788 | D:4      | Noticed Ijyb
  4795 | D:4      | Killed Ijyb
  5041 | D:4      | Noticed Pikel
  5084 | D:4      | Killed Pikel
  5085 | D:4      | Reached skill level 5 in Fighting
  5085 | D:4      | Reached skill level 5 in Fire Magic
  5085 | D:4      | Gained mutation: A meltable icy envelope protects you from
                  | harm. (AC +8) [demonic ancestry]
  5085 | D:4      | Reached XP level 7. HP: 20/56 MP: 1/12
  5245 | D:4      | Noticed Natasha
  5250 | D:4      | Killed Natasha
  5318 | D:4      | Noticed Natasha
  5324 | D:4      | Killed Natasha
  5444 | D:4      | Noticed Natasha
  5448 | D:4      | Killed Natasha
  5449 | D:4      | Reached XP level 8. HP: 63/63 MP: 8/13
  5569 | D:4      | Found a hazy altar of Hepliaklqana.
  5662 | D:5      | Entered Level 5 of the Dungeon
  6783 | D:5      | Learned a level 3 spell: Stone Arrow
  6974 | D:5      | Reached skill level 1 in Conjurations
  6974 | D:5      | Reached skill level 1 in Earth Magic
  7397 | D:6      | Found a sacrificial altar of Ru.
  7405 | D:6      | Found an iron altar of Okawaru.
  7624 | D:6      | Found a runed translucent door.
  7628 | D:6      | Noticed acky's ghost (novice GnDe)
  7696 | D:6      | Reached XP level 9. HP: 69/69 MP: 5/15
  7774 | D:6      | Found a shadowy altar of Dithmenos.
  7774 | D:6      | Found a shimmering altar of Xom.
  9060 | D:6      | Found a staircase to the Ecumenical Temple.
  9665 | D:7      | Reached skill level 5 in Conjurations
 10333 | D:7      | Reached skill level 5 in Earth Magic
 10889 | D:7      | Found a sparkling altar of Nemelex Xobeh.
 11191 | D:8      | Found a transporter.
 11396 | D:8      | Noticed Joseph
 11402 | D:8      | Killed Joseph
 11403 | D:8      | Reached skill level 5 in Spellcasting
 11403 | D:8      | Reached XP level 10. HP: 62/77 MP: 4/17
 11860 | D:8      | Found a blossoming altar of Fedhas.
 12689 | D:8      | Found a transporter.
 12709 | D:8      | Found a broken altar of Ashenzari.
 12748 | D:8      | Reached skill level 5 in Staves
 12948 | D:8      | Found a burning altar of Makhleb.
 13083 | D:8      | Found a transporter.
 13504 | D:9      | Noticed a two-headed ogre
 13508 | D:9      | Killed a two-headed ogre
 13630 | D:9      | Noticed Erolcha
 13636 | D:9      | Killed Erolcha
 14675 | D:9      | Found a staircase to the Orcish Mines.
 14689 | D:9      | Found a staircase to the Lair.
 14733 | D:9      | Reached XP level 11. HP: 73/86 MP: 2/20
 15177 | D:9      | Learned a level 4 spell: Olgreb's Toxic Radiance
 15354 | D:9      | Found an opulent altar of Gozag.
 15357 | D:9      | Reached skill level 1 in Poison Magic
 15620 | D:10     | Entered Level 10 of the Dungeon
 16440 | D:10     | Noticed a two-headed ogre
 16443 | D:10     | Noticed domi's ghost (journeyman VSBr)
 16443 | D:10     | Noticed a death drake
 16547 | D:10     | Found a transporter.
 16551 | D:10     | Found a transporter.
 16565 | D:10     | a guardian serpent changed into a mana viper
 16565 | D:10     | Noticed a mana viper (shapeshifter)
 16918 | Temple   | Entered the Ecumenical Temple
 16952 | Temple   | Fell from the grace of Ignis
 16952 | Temple   | Became a worshipper of Sif Muna the Loreminder
 17065 | Lair:1   | Entered Level 1 of the Lair of Beasts
 17071 | Lair:1   | Reached skill level 1 in Invocations
 17433 | Lair:1   | Noticed a boulder beetle
 17465 | D:9      | Killed a boulder beetle
 18000 | Lair:1   | Found a runed translucent door.
 18003 | Lair:1   | Noticed Vohupaw's ghost (journeyman DrAE)
 18877 | Lair:2   | Noticed a seven-headed hydra
 18897 | Lair:1   | Killed a seven-headed hydra
 19168 | Lair:2   | Reached skill level 5 in Invocations
 19230 | Lair:2   | Found the +4 skin of Zhor {*Englaciate rC+++ SInv}
 20173 | Lair:2   | Found a staircase to the Shoals.
 20460 | Lair:2   | Was forgiven by Ignis
 20946 | Lair:2   | Gained mutation: You have large cloven feet. [demonic
                  | ancestry]
 20946 | Lair:2   | Reached XP level 12. HP: 78/95 MP: 16/23
 21312 | Lair:3   | Noticed Nessos
 21322 | Lair:3   | Killed Nessos
 21343 | Lair:3   | Reached * piety under Sif Muna
 21607 | Lair:3   | Found a staircase to the Snake Pit.
 21929 | Lair:3   | Noticed Sonja
 22297 | Lair:3   | Killed Sonja
 22339 | Lair:3   | Noticed Gastronok
 23067 | Lair:4   | Noticed a catoblepas
 23230 | Lair:3   | HP: 2/97 [catoblepas (21)]
 23631 | Lair:3   | Reached skill level 10 in Fighting
 23874 | Lair:2   | Killed Gastronok
 23875 | Lair:2   | Reached skill level 10 in Invocations
 24254 | Lair:3   | Killed a catoblepas
 24703 | Lair:4   | Gained mutation: Spells you cast may paralyse adjacent
                  | enemies. [demonic ancestry]
 24703 | Lair:4   | Reached XP level 13. HP: 96/103 MP: 12/25
 24961 | Lair:4   | Identified the ring "Wuhitoh" {Fly rN+ Stlth+}
 25478 | Lair:4   | Found a staircase to the Slime Pits.
 25989 | Lair:4   | Reached ** piety under Sif Muna
 26400 | Lair:5   | Entered Level 5 of the Lair of Beasts
 28788 | Lair:5   | Reached skill level 10 in Staves
 29546 | Lair:5   | Reached skill level 10 in Spellcasting
 29620 | Lair:5   | Noticed a fire dragon
 29865 | Lair:5   | Found a large runed translucent door.
 29866 | Lair:5   | Found a large runed translucent door.
 30599 | Orc:1    | Entered Level 1 of the Orcish Mines
 30894 | Orc:1    | Found Dusugext's Jewellery Shop.
 30903 | Orc:1    | Bought an amulet of magic regeneration for 480 gold pieces
 30947 | Orc:2    | Entered Level 2 of the Orcish Mines
 31273 | Orc:2    | Gained mutation: You have hoof-like feet. [demonic
                  | ancestry]
 31273 | Orc:2    | Reached XP level 14. HP: 113/113 MP: 23/28
 31301 | Orc:1    | Reached *** piety under Sif Muna
 31965 | Orc:2    | Found a staircase to the Elven Halls.
 32134 | Orc:2    | Reached **** piety under Sif Muna
 32182 | Orc:2    | Found Was Qom's General Store.
 32263 | Orc:2    | Found Ciss's Antique Weapon Emporium.
 32468 | Orc:2    | Found Danuoh's Antique Weapon Boutique.
 32468 | Orc:2    | Found Inox's Book Emporium.
 32483 | Orc:2    | Bought a book of Iron for 540 gold pieces
 32490 | Orc:2    | Learned a level 6 spell: Iron Shot
 33031 | D:11     | Reached ***** piety under Sif Muna
 33031 | D:11     | Received a gift from Sif Muna
 33036 | D:11     | Got Sif Muna's Compendium of Heated Confrontation {god
                  | gift}
 33045 | D:11     | Learned a level 7 spell: Orb of Destruction
 33515 | D:11     | Noticed Fannar
 33525 | D:11     | Killed Fannar
 35276 | D:12     | Reached skill level 10 in Conjurations
 35290 | D:12     | HP: 3/115 [large slime creature (29)]
 35534 | D:12     | Noticed dolemite99's ghost (adept DjAE)
 35571 | D:12     | Found a runed translucent gate.
 35571 | D:12     | Found a runed translucent gate.
 35571 | D:12     | Found a runed translucent gate.
 37338 | D:14     | Reached XP level 15. HP: 108/120 MP: 14/29
 37744 | D:14     | Identified the +2 short sword of the Spheres {freeze, Will+
                  | Stlth+}
 38229 | D:14     | Reached skill level 1 in Dodging
 38538 | D:14     | Reached skill level 1 in Shields
 38749 | D:14     | Noticed an azure jelly
 38762 | D:14     | Killed an azure jelly
 39208 | D:14     | Found a gate to the Vaults.
 39759 | D:15     | Entered Level 15 of the Dungeon
 39855 | D:15     | Received a gift from Sif Muna
 39988 | D:15     | Reached skill level 5 in Dodging
 40009 | D:15     | Found an opulent altar of Gozag.
 40358 | D:15     | Identified the +3 leather armour "Recvuel" {rElec}
 40797 | D:15     | Found a staircase to the Depths.
 41173 | D:15     | Reached skill level 1 in Stealth
 42399 | Shoals:1 | Entered Level 1 of the Shoals
 43670 | Shoals:1 | Noticed Roxanne
 43714 | Shoals:1 | Reached skill level 5 in Stealth
 43845 | Shoals:1 | Found a runed translucent gate.
 43846 | Shoals:1 | Found a runed translucent gate.
 43847 | Shoals:1 | Found a runed translucent gate.
 43848 | Shoals:1 | Noticed relicbr's ghost (adept SpDe)
 43849 | Shoals:1 | Noticed Riqapacs's ghost (adept OpMo)
 43849 | Shoals:1 | Noticed Luosi's ghost (journeyman NaVM)
 43849 | Shoals:1 | Noticed Fonana's ghost (journeyman DgHu)
 43909 | Shoals:1 | Gained mutation: You have hooves in place of feet. [demonic
                  | ancestry]
 43909 | Shoals:1 | Reached XP level 16. HP: 117/127 MP: 19/30
 44070 | Shoals:1 | Found Fytyd's Magic Scroll Shop.
 45527 | Shoals:1 | Killed Roxanne
 46358 | Shoals:2 | Reached skill level 5 in Shields
 47440 | Shoals:2 | Gained mutation: Spells you cast may paralyse nearby
                  | enemies. [demonic ancestry]
 47440 | Shoals:2 | Reached XP level 17. HP: 133/133 MP: 31/31
 48710 | Shoals:3 | Found Juru's Visitors' Centre.
 48729 | Shoals:3 | Received a gift from Sif Muna
 48734 | Shoals:3 | Reached skill level 10 in Shields
 48749 | Shoals:3 | Got Sif Muna's Opusculum on the Chilled Comitatus {god
                  | gift}
 49039 | Shoals:3 | Found Juru's Merfolk Armours.
 49039 | Shoals:3 | Found Juru's Merfolk Magic.
 49039 | Shoals:3 | Found Juru's Merfolk Weapons.
 49042 | Shoals:3 | Bought a scroll of teleportation for 300 gold pieces
 49042 | Shoals:3 | Bought a potion of flight for 300 gold pieces
 49425 | Shoals:3 | Noticed Bai Suzhen
 49441 | Shoals:4 | Entered Level 4 of the Shoals
 50377 | Shoals:4 | Noticed a kraken
 50955 | Shoals:4 | HP: 3/133 [merfolk javelineer/silver javelin (7)]
 50955 | Shoals:4 | Hit by a silver javelin thrown by a merfolk javelineer

Illustrated notes

Levels and vault maps discovered:
D:1:      matt_arrival_los_fun, layout_rooms, serial_bayou_crossing
D:2:      layout_loops_ring, minmay_tree_intersection
D:3:      layout_basic, kennysheep_crisscross
D:4:      layout_basic, mainiacjoe_overflow_alcove_2, mainiacjoe_overflow_swirl,
          hangedman_decor_riveting, kennysheep_donut, uniq_pikel, uniq_natasha,
          uniq_ijyb
D:5:      layout_basic, minmay_misc_feat_chi, kennysheep_generic_room_12
D:6:      layout_basic, gammafunk_temple_overflow_elements,
          kennysheep_okawaru_gauntlet, nicolae_ru_sacrificial_ziggurat,
          minmay_temple_entry_hall, hellmonk_ghost_happy_afterlife
D:7:      layout_basic, nemelex_dance_club_becter, dk_vineyard_1,
          minmay_crystal_room, grunt_ministairs_2
D:8:      layout_loops_corners, fedhas_altar_1, nicolae_ashenzari_skybound,
          makhleb_blood_cavern_becter, serial_bayou, serial_bayou_pond_e,
          serial_bayou_pond_d, serial_bayou_shore_b, serial_bayou_shore_a,
          nicolae_diode_intersection, uniq_joseph
D:9:      layout_rooms, mainiacjoe_overflow_boulevard,
          grunt_lair_entry_orc_guard_hut, orc_0_dummy, evilmike_butchery,
          uniq_erolcha
D:10:     layout_long_grid, old_standard_altar, gammafunk_ghost_arena
D:11:     layout_loops_cross, uniq_fannar
D:12:     layout_layer_cave, maelrawn_ghost_gauntlet_escape,
          chequers_hall_statues_wall_a, minmay_fractal_squares_diagonal_5
D:13:     minmay_shrinking_squares, layout_rooms
D:14:     layout_layer_cave, hangedman_vaults_entry_quadrant_bands,
          minmay_misc_feat_nine_boxes, special_room [special_room_mythical_zoo]
D:15:     gammafunk_enter_depths_forms, layout_basic, grunt_gozag_statues,
          grunt_ministairs_8, minmay_beelzebubs_servants
Temple:   chequers_temple_sunken
Lair:1:   layout_gridlike, ebering_ghost_inner_flame, st_stairs_12,
          kennysheep_rathole
Lair:2:   layout_roguey, minmay_shoals_entry_hut, hellmonk_guarded_unrand_zhor
Lair:3:   layout_gridlike, guppyfry_snake_entry_island, minmay_holes,
          uniq_gastronok, uniq_sonja, uniq_nessos
Lair:4:   layout_gridlike, nicolae_slime_entry_slimehenge, wad_woods_river_01,
          grunt_megastairs_4
Lair:5:   cheibrodos_lair_end_hotspot, layout_regular_city,
          infiniplex_staircase_pool
Shoals:1: layout_shoals, gammafunk_ghost_cemetery, nicolae_take_the_stairs,
          nicolae_shoals_aquamancer_cove, uniq_roxanne
Shoals:2: cheibrodos_shoals_satyrical_garden, layout_shoals
Shoals:3: nicolae_shoals_mermall, layout_shoals, uniq_bai_suzhen
Shoals:4: shoals_end_simple, layout_shoals, nicolae_alphabet_shops
Orc:1:    layout_diamond_mine, serial_shops, shop_fountains
Orc:2:    st_orc_town, layout_caves, basic_altar

Skill      XL: |  1  2  3  4  5  6  7  8  9 10 11 12 13 14 15 16 17 |
---------------+----------------------------------------------------+-----
Fighting       | 4 5 6 8 9 10 11 12 | 12.0
Fire Magic     | 3 4 5 6 |  6.5
Spellcasting   | 2 3 4 5 6 7 8 10 | 10.0
Staves         | 1 3 4 6 7 8 10 11 | 11.8
Conjurations   | 3 6 7 8 10 11 | 11.1
Earth Magic    | 2 5 8 |  8.7
Poison Magic   | 4 |  4.0
Invocations    | 6 10 12 | 12.0
Dodging        | 8 |  8.0
Shields        | 2 8 11 | 11.6
Stealth        | 5 7 |  7.8
Polearms       | |  2.6

Action                     |  1- 3 |  4- 6 |  7- 9 | 10-12 | 13-15 | 16-18 || total
---------------------------+-------+-------+-------+-------+-------+-------++-------
  Melee: Spear             |    33 |       |       |       |       |       ||    33
         Staff             |    69 |    65 |   105 |   277 |   146 |    14 ||   676
         Punch             |     1 |       |       |       |     2 |       ||     3
         Kick              |       |       |       |    18 |    28 |     6 ||    52
  Throw: Dart              |       |       |       |     3 |       |       ||     3
   Cast: Scorch            |    24 |    82 |   100 |    41 |     1 |       ||   248
         Stone Arrow       |       |       |   110 |   429 |   870 |   349 ||  1758
         Olgreb's Toxic Ra |       |       |       |     7 |   111 |    57 ||   175
         Iron Shot         |       |       |       |       |   108 |    62 ||   170
         Orb of Destructio |       |       |       |       |       |     3 ||     3
 Invoke: Foxfire Swarm     |       |       |     1 |       |       |       ||     1
         Channel Magic     |       |       |       |     4 |    27 |    11 ||    42
  Evoke: Wand              |       |     4 |     2 |    37 |     2 |       ||    45
    Use: Scroll            |     2 |     4 |     4 |    19 |     9 |     7 ||    45
         Potion            |       |       |     3 |     5 |     5 |     1 ||    14
   Stab: Paralysed         |       |    11 |       |     2 |     8 |     1 ||    22
 Armour: Ring mail         |    10 |       |       |       |       |       ||    10
         Robe              |    10 |    25 |    79 |     1 |       |       ||   115
         Leather armour    |       |       |       |   143 |       |       ||   143
         Animal skin       |       |       |       |    66 |   297 |    95 ||   458
  Dodge: Dodged            |    64 |    30 |   113 |   231 |   244 |   125 ||   807
         Repelled          |     1 |     3 |       |       |       |       ||     4
  Block: Other             |    18 |     6 |    30 |    71 |    94 |    16 ||   235
         Kite shield       |       |       |       |       |       |   125 ||   125

Table legend: (Time is in decaauts)
 A = Elapsed time spent in this place.
 B = Non-inter-level travel time spent in this place.
 C = Inter-level travel time spent in this place.
 D = Time resting spent in this place.
 E = Time spent auto-exploring this place.
 F = Levels seen in this place.
 G = Mean time per level.
                   A        B        C        D        E       F      G
               +--------+--------+--------+--------+--------+-----+--------+
         Total |  51208 |  49469 |   1739 |  12866 |  29262 |  27 | 1896.6 |
       Dungeon |  26954 |  26165 |    789 |   4554 |  17845 |  15 | 1796.9 |
        Temple |     57 |     38 |     19 |      0 |     26 |   1 |   57.0 |
          Lair |  14596 |  13873 |    723 |   5252 |   6903 |   5 | 2919.2 |
        Shoals |   7591 |   7449 |    142 |   2747 |   3308 |   4 | 1897.8 |
  Orcish Mines |   2008 |   1944 |     64 |    313 |   1179 |   2 | 1004.0 |
               +--------+--------+--------+--------+--------+-----+--------+

Top non-repeatable levels by time:
  Lair:2: 4007 daAuts
  Lair:5: 3697 daAuts
Shoals:1: 2730 daAuts
  Lair:4: 2695 daAuts
    D:14: 2673 daAuts
     D:9: 2637 daAuts
     D:8: 2551 daAuts
  Lair:3: 2431 daAuts
     D:6: 2315 daAuts
     D:4: 2256 daAuts
    D:15: 2206 daAuts
Shoals:3: 2166 daAuts
    D:12: 2138 daAuts
  Lair:1: 1764 daAuts
Shoals:2: 1643 daAuts
